 Dungeon Crawl Stone Soup version 0.29.1-2-gbd0b4ee654 (webtiles) character file.

Game seed: 12387990505627090075

32 qeuew the Conjurer (level 3, -4/26 HPs)
             Began as a Draconian Conjurer on Nov 5, 2022.
             Slain by a worm (5 damage)
             ... on level 2 of the Dungeon.
             The game lasted 00:02:17 (1091 turns).

qeuew the Conjurer (Draconian Conjurer)             Turns: 1091, Time: 00:02:17

Health: -4/26      AC:  5    Str: 11    XL:     3   Next: 10%
Magic:  3/6        EV: 12    Int: 18    God:
Gold:   37         SH:  0    Dex:  9    Spells: 5/6 levels left

rFire   . . .      SeeInvis .   i - +0 broad axe
rCold   . . .      Faith    .   (no shield)
rNeg    . . .      Spirit   .   (body armour unavailable)
rPois   .          Reflect  .   (helmet restricted)
rElec   .          Harm     .   (no cloak)
rCorr   .          Rampage  .   (no gloves)
Will    .....                   (no boots)
Stlth   ++........              (no amulet)
HPRegen 0.08/turn               (no ring)
MPRegen 0.10/turn               (no ring)

@: mighty, lethally poisoned (-4 -> -8)
A: AC +5, unfitting armour, cold-blooded
a: no special abilities


You were on level 2 of the Dungeon.
You visited 1 branch of the dungeon, and saw 2 of its levels.

You collected 37 gold pieces.

Inventory:

Hand Weapons
 i - a +0 broad axe (weapon)
Jewellery
 c - a +6 ring of intelligence
 g - a ring of flight
Scrolls
 f - a scroll of noise {unknown}
Potions
 a - a potion of magic
 b - a potion of might
 e - a potion of mutation {unknown}
 h - a potion of heal wounds {unknown}
 j - a potion of brilliance {unknown}


   Skills:
 * Level 0.3 Axes
 * Level 2.1 Dodging
 - Level 1.7 Stealth
 * Level 2.2 Spellcasting
 + Level 4.6 Conjurations


You had 5 spell levels left.
You knew the following spells:

 Your Spells              Type           Power      Damage    Failure   Level
a - Magic Dart            Conj           72%        1d6       2%          1

Your spell library contained the following spells:

 Spells                   Type           Power      Damage    Failure   Level
 Searing Ray              Conj           36%        2d5       4%          2
 Dazzling Flash           Conj/Hex       20%        N/A       21%         3
 Scorch                   Fire           2%         2d5       26%         2
 Flame Wave               Conj/Fire      10%        2d6       56%         4
 Fulminant Prism          Conj/Hex       5%         3d7       56%         4
 Iskenderun's Mystic Bla  Conj/Tloc      10%        2d4       56%         4
 Summon Cactus Giant      Summ           0%         N/A       100%        6
 Chain Lightning          Conj/Air       5%         3d6       100%        9
 Fire Storm               Conj/Fire      5%         8d1       100%        9
 Shatter                  Erth           0%         3d5*      100%        9


Dungeon Overview and Level Annotations

Branches:
Dungeon (2/15)

Altars:


Innate Abilities, Weirdness & Mutations

Your plain brown scales are hard. (AC +5)
You cannot fit into any form of body armour.
You are cold-blooded and may be slowed by cold attacks.


Message History

The adder barely misses you. The quokka closely misses you.
The jackal closely misses you.
Okay, then.
Okay, then.
You closely miss the adder.
The adder is moderately wounded.
You closely miss the quokka. You barely miss the jackal.
The adder completely misses you. The jackal misses you.
The quokka closely misses you. The adder misses you.
The jackal closely misses you. The quokka closely misses you.
You completely miss the adder.
The adder is moderately wounded.
You closely miss the jackal. You hit the quokka. The adder closely misses you.
The jackal bites you.
* * * LOW HITPOINT WARNING * * *
The quokka bites you.
* * * LOW HITPOINT WARNING * * *
The adder closely misses you. The jackal completely misses you.
The quokka closely misses you.
You miss the adder.
The adder is moderately wounded.
You miss the quokka. You hit the jackal.
You kill the jackal!
The adder closely misses you.
The quokka bites you but does no damage.
The adder barely misses you. The quokka misses you.
You barely miss the adder. Your punch misses the adder.
The adder is moderately wounded.
You barely miss the quokka. The adder completely misses you.
The adder barely misses you.
The quokka bites you but does no damage.
You closely miss the adder.
The adder is moderately wounded.
You closely miss the quokka. You hit the worm. The adder closely misses you.
The quokka bites you but does no damage.
The adder bites you.
* * * LOW HITPOINT WARNING * * *
You are lethally poisoned!
The adder poisons you! The quokka closely misses you. The worm bites you.
You die...

...........# ..........#
. .........## ##.
>........ #
#..##$..#..##.#
..................
#...###...rSw......
............@.......
..#.................
...................
#.................
#...........[..... ...#
#......!..).....>. ....
#......).......... .....
#......##.........
.....##......###........


You could see a worm, an adder and a quokka.

Vanquished Creatures
  A dart slug (D:1)
  3 ball pythons
  2 endoplasms
  A giant cockroach (D:2)
  2 goblins (D:1)
  3 hobgoblins
  3 jackals (D:2)
  2 kobolds
  A quokka (D:1)
  3 bats
  2 frilled lizards
  5 rats (D:1)
28 creatures vanquished.

Notes
Turn   | Place    | Note
-------+----------+-------------------------------------------
     0 | D:1      | qeuew the Draconian Conjurer began the quest for the Orb.
     0 | D:1      | Reached XP level 1. HP: 14/14 MP: 3/3
   288 | D:1      | Reached XP level 2. HP: 17/20 MP: 1/5
  1079 | D:2      | Reached XP level 3. HP: 20/26 MP: 2/6
  1091 | D:2      | HP: 1/26 [adder (2)]
  1091 | D:2      | Slain by a worm

Illustrated notes

Levels and vault maps discovered:
D:1:      ebering_trefoil_twist, layout_loops_ring
D:2:      layout_rooms, ebering_ecumenical_altar_mist

Skill      XL: |  1  2 |
---------------+-------+-----
Dodging        | 2 |  2.1
Axes           | |  0.3
Stealth        | |  1.7
Spellcasting   | |  2.2
Conjurations   | |  4.6

Action                   || total
-------------------------++-------
Melee: Unarmed           ||     8
       Tailslap          ||     1
       Broad axe         ||    18
 Cast: Magic Dart        ||    37
  Use: Potion            ||     2
Armor: Skin              ||    27
Dodge: Dodged            ||    61
